BSA
ST CHARLES SHEENS @ GREENVILLE 84S
09/09/2030
 
TOP OF THE 1ST
St Charles Sheens batting - Pitching for Greenville 84s : LHP Júlio Gracía
Pitching: LHP Júlio Gracía
Batting: RHB Jesús Hernández 0-0: Ball
1-0: Ball
2-0: DOUBLE (Line Drive, 7LS)
Batting: RHB Rob Brady 0-0: Foul Ball, location: 2F
0-1: Ball
1-1: Swinging Strike
1-2: Ground out 6-3 (Groundball, 6S)
Jesús Hernández to third
Batting: LHB Nick Gamble 0-0: Ball
1-0: Ball
2-0: Called Strike
2-1: Foul Ball, location: 2F
2-2: Foul Ball, location: 2F
2-2: Foul Ball, location: 2F
2-2: Fly out, F8 (Flyball, 8LD)
Runner from 3rd tags up, OUT at HOME
Top of the 1st over - 0 runs, 1 hit, 0 errors, 0 left on base; St Charles 0 - Greenville 0
BOTTOM OF THE 1ST
Greenville 84s batting - Pitching for St Charles Sheens : RHP Bill Chase
Pitching: RHP Bill Chase
Batting: LHB Stanley Smith 0-0: Ground out 4-3 (Groundball, 4M)
Batting: RHB Patrick Potts 0-0: Ball
1-0: Ball
2-0: Ball
3-0: Base on Balls
Batting: RHB Ramiro Chávez 0-0: Ball
1-0: Swinging Strike
1-1: Fly out, F9 (Flyball, 9S)
Batting: LHB Brock Larsen 0-0: Foul Ball, location: 2F
0-1: Fielders Choice at 2nd, 5-4 (Groundball, 56)
Bottom of the 1st over - 0 runs, 0 hits, 0 errors, 1 left on base; St Charles 0 - Greenville 0
TOP OF THE 2ND
St Charles Sheens batting - Pitching for Greenville 84s : LHP Júlio Gracía
Batting: RHB Shawn Gutiérrez 0-0: Ball
1-0: Foul Ball, location: 2F
1-1: Foul Ball, location: 2F
1-2: SINGLE (Flyball, 78S)
Batting: RHB Ramón Molina 0-0: Called Strike
0-1: Ball
1-1: Foul Ball, location: 2F
1-2: Foul Ball, location: 2F
1-2: Foul Ball, location: 2F
1-2: 2-RUN HOME RUN (Line Drive, 7D), Distance : 359 ft
Batting: SHB Henry Copeland 0-0: Fly out, F9 (Flyball, 9S)
Batting: RHB Héctor Vázquez 0-0: Called Strike
0-1: Swinging Strike
0-2: Strikes out looking
Batting: RHB Lúcio Alfaro 0-0: Hit by Pitch
Batting: RHB Salvador Rodríguez 0-0: Ball
Lúcio Alfaro steals 2nd base
1-0: SINGLE (Flyball, 9LM)
Lúcio Alfaro to third
Runner from 3rd tries for Home, SAFE, no throw
Batting: RHB Jesús Hernández 0-0: Ball
1-0: Foul Ball, location: 2F
1-1: Ball
2-1: Called Strike
2-2: Strikes out swinging
Top of the 2nd over - 3 runs, 3 hits, 0 errors, 1 left on base; St Charles 3 - Greenville 0
BOTTOM OF THE 2ND
Greenville 84s batting - Pitching for St Charles Sheens : RHP Bill Chase
Batting: LHB Jimmy Vickers 0-0: Called Strike
0-1: Fly out, F9 (Flyball, 89M)
Batting: LHB Robert Moore 0-0: Called Strike
0-1: Ball
1-1: Ball
2-1: Ball
3-1: Base on Balls
Batting: RHB Pat Fernández 0-0: Ball
1-0: Foul Ball, location: 2F
1-1: Foul Ball, location: 2F
1-2: Ball
2-2: Ball
3-2: Foul Ball, location: 2F
3-2: Foul Ball, location: 2F
3-2: Fly out, F5 (Line Drive, 5S)
Batting: RHB Robert Buckley 0-0: Called Strike
0-1: Fly out, F7 (Flyball, 7)
Bottom of the 2nd over - 0 runs, 0 hits, 0 errors, 1 left on base; St Charles 3 - Greenville 0
TOP OF THE 3RD
St Charles Sheens batting - Pitching for Greenville 84s : LHP Júlio Gracía
Batting: RHB Rob Brady 0-0: Called Strike
0-1: Ball
1-1: Called Strike
1-2: Ground out 4-3 (Groundball, 34)
Batting: LHB Nick Gamble 0-0: Called Strike
0-1: Fly out, F8 (Flyball, 8LS)
Batting: RHB Shawn Gutiérrez 0-0: Ball
1-0: Called Strike
1-1: Ball
2-1: Ball
3-1: Called Strike
3-2: Fly out, F2 (Popup, 23F)
Top of the 3rd over - 0 runs, 0 hits, 0 errors, 0 left on base; St Charles 3 - Greenville 0
BOTTOM OF THE 3RD
Greenville 84s batting - Pitching for St Charles Sheens : RHP Bill Chase
Batting: RHB Jeff Packard 0-0: Ball
1-0: Ball
2-0: Foul Ball, location: 2F
2-1: Fly out, F8 (Flyball, 8LD)
Batting: LHB Stanley Smith 0-0: Ball
1-0: Ball
2-0: Ball
3-0: Base on Balls
Batting: RHB Patrick Potts 0-0: Ball
Stanley Smith is caught stealing 2nd base
1-0: Ball
2-0: Ball
3-0: Base on Balls
Batting: RHB Ramiro Chávez 0-0: Called Strike
0-1: DOUBLE (Line Drive, 7D)
Patrick Potts to third
Runner from 3rd tries for Home, SAFE, no throw
Batting: LHB Brock Larsen 0-0: Ball
1-0: Swinging Strike
1-1: SINGLE (Groundball, 34D)
Ramiro Chávez to third
Runner from 3rd tries for Home, SAFE, throw made home
Batting: LHB Jimmy Vickers 0-0: Ball
1-0: Called Strike
1-1: Called Strike
1-2: Fly out, F7 (Flyball, 78XD)
Bottom of the 3rd over - 2 runs, 2 hits, 0 errors, 1 left on base; St Charles 3 - Greenville 2
TOP OF THE 4TH
St Charles Sheens batting - Pitching for Greenville 84s : LHP Júlio Gracía
Batting: RHB Ramón Molina 0-0: Ball
1-0: Ball
2-0: Ball
3-0: Called Strike
3-1: Foul Ball, location: 2F
3-2: Ground out 5-3 (Groundball, 56)
Batting: SHB Henry Copeland 0-0: Foul Ball, location: 2F
0-1: Reached on error, E3 (Groundball, 34)
Batting: RHB Héctor Vázquez 0-0: Ball
1-0: Swinging Strike
1-1: Fielders Choice at 2nd, 3-6 (Groundball, 34)
Batting: RHB Lúcio Alfaro 0-0: Ball
1-0: Foul Ball, location: 2F
1-1: Fly out, F8 (Flyball, 89D)
Top of the 4th over - 0 runs, 0 hits, 1 error, 1 left on base; St Charles 3 - Greenville 2
BOTTOM OF THE 4TH
Greenville 84s batting - Pitching for St Charles Sheens : RHP Bill Chase
Batting: LHB Robert Moore 0-0: Ball
1-0: Ball
2-0: Ball
3-0: Base on Balls
Batting: RHB Pat Fernández 0-0: Called Strike
0-1: Foul Ball, location: 2F
0-2: 2-RUN HOME RUN (Flyball, 78XD), Distance : 382 ft
Batting: RHB Robert Buckley 0-0: Swinging Strike
0-1: Called Strike
0-2: Strikes out swinging
Batting: RHB Jeff Packard 0-0: Foul Ball, location: 2F
0-1: Fly out, F8 (Flyball, 8LS)
Batting: LHB Stanley Smith 0-0: Ball
1-0: Foul Ball, location: 2F
1-1: Ball
2-1: SOLO HOME RUN (Flyball, 9D), Distance : 347 ft
Batting: RHB Patrick Potts 0-0: Swinging Strike
0-1: Called Strike
0-2: Ball
1-2: Strikes out swinging
Bottom of the 4th over - 3 runs, 2 hits, 0 errors, 0 left on base; St Charles 3 - Greenville 5
TOP OF THE 5TH
St Charles Sheens batting - Pitching for Greenville 84s : LHP Júlio Gracía
Batting: RHB Salvador Rodríguez 0-0: Ball
1-0: Called Strike
1-1: Ball
2-1: Foul Ball, location: 2F
2-2: Fly out, F7 (Line Drive, 7)
Batting: RHB Jesús Hernández 0-0: Ball
1-0: Foul Ball, location: 2F
1-1: Called Strike
1-2: Ground out 5-3 (Groundball, 5)
Batting: RHB Rob Brady 0-0: Ball
1-0: Ball
2-0: Foul Ball, location: 2F
2-1: Foul Ball, location: 2F
2-2: SINGLE (Line Drive, 8LS)
Pitching: LHP Ed Stevens
Batting: LHB Nick Gamble 0-0: Ball
1-0: Called Strike
1-1: Swinging Strike
1-2: Strikes out swinging, 2-3 out at first.
Top of the 5th over - 0 runs, 1 hit, 0 errors, 1 left on base; St Charles 3 - Greenville 5
BOTTOM OF THE 5TH
Greenville 84s batting - Pitching for St Charles Sheens : RHP Bill Chase
Batting: RHB Ramiro Chávez 0-0: Ground out 4-3 (Groundball, 34)
Batting: LHB Brock Larsen 0-0: Ball
1-0: Called Strike
1-1: Called Strike
1-2: Foul Ball, location: 2F
1-2: Ball
2-2: Ball
3-2: Ground out 6-3 (Groundball, 6)
Batting: LHB Jimmy Vickers 0-0: Ball
1-0: Called Strike
1-1: Ball
2-1: Ball
3-1: Foul Ball, location: 2F
3-2: Fly out, F8 (Flyball, 8LM)
Bottom of the 5th over - 0 runs, 0 hits, 0 errors, 0 left on base; St Charles 3 - Greenville 5
TOP OF THE 6TH
St Charles Sheens batting - Pitching for Greenville 84s : LHP Ed Stevens
Batting: RHB Shawn Gutiérrez 0-0: Swinging Strike
0-1: Ground out 6-3 (Groundball, 6M)
Batting: RHB Ramón Molina 0-0: Called Strike
0-1: Ball
1-1: DOUBLE (Flyball, 8RXD)
Batting: SHB Henry Copeland 0-0: Called Strike
0-1: Ground out 5-3 (Groundball, 56)
Batting: RHB Héctor Vázquez 0-0: Called Strike
0-1: Ball
1-1: Ball
2-1: Foul Ball, location: 2F
2-2: SINGLE (Line Drive, 7LS)
Ramón Molina to third
Runner from 3rd tries for Home, SAFE, no throw
Batting: RHB Lúcio Alfaro 0-0: Ball
Héctor Vázquez steals 2nd base
1-0: Ball
2-0: Called Strike
2-1: Foul Ball, location: 2F
2-2: Foul Ball, location: 2F
2-2: Ball
3-2: Foul Ball, location: 2F
3-2: Base on Balls
Batting: RHB Salvador Rodríguez 0-0: Foul Ball, location: 2F
0-1: Ball
1-1: Called Strike
1-2: DOUBLE (Line Drive, 8LXD)
Héctor Vázquez scores
Lúcio Alfaro to third
Runner from 3rd tries for Home, SAFE, no throw
Pitching: RHP Ricardo Trujillo
Pinch Runner at 2nd Glen MacDonald:
Batting: RHB Jesús Hernández 0-0: Ball
1-0: Ball
2-0: SINGLE (Line Drive, 7LS)
Glen MacDonald to third
Runner from 3rd tries for Home, throw and OUT!
Top of the 6th over - 3 runs, 4 hits, 0 errors, 1 left on base; St Charles 6 - Greenville 5
BOTTOM OF THE 6TH
Greenville 84s batting - Pitching for St Charles Sheens : RHP Bill Chase
Pitching: RHP José González
Now in CF: Glen MacDonald
Batting: LHB Robert Moore 0-0: Ball
1-0: Ball
2-0: Foul Ball, location: 2F
2-1: Ball
3-1: Called Strike
3-2: DOUBLE (Flyball, 89XD)
Batting: RHB Pat Fernández 0-0: Foul Ball, location: 2F
0-1: 2-RUN HOME RUN (Line Drive, 78XD), Distance : 377 ft
Pitching: RHP Alejandro Longoria
Batting: RHB Robert Buckley 0-0: Ball
1-0: Fly out, F8 (Line Drive, 8RD)
Batting: RHB Jeff Packard 0-0: Foul Ball, location: 2F
0-1: Called Strike
0-2: Foul Ball, location: 2F
0-2: Foul Ball, location: 2F
0-2: Ball
1-2: Ball
2-2: Foul Ball, location: 2F
2-2: Ground out 1-3 (Groundball, 13S)
Batting: LHB Stanley Smith 0-0: Ball
1-0: Ball
2-0: Foul Ball, location: 2F
2-1: Ball
3-1: Swinging Strike
3-2: Base on Balls
Batting: RHB Patrick Potts 0-0: Called Strike
0-1: Ball
1-1: Ball
2-1: Foul Ball, location: 2F
2-2: Ball
3-2: Foul Ball, location: 2F
3-2: Ground out 5-3 (Groundball, 56S)
Bottom of the 6th over - 2 runs, 2 hits, 0 errors, 1 left on base; St Charles 6 - Greenville 7
TOP OF THE 7TH
St Charles Sheens batting - Pitching for Greenville 84s : RHP Ricardo Trujillo
Batting: RHB Rob Brady 0-0: Foul Ball, location: 2F
0-1: Fly out, F3 (Popup, 3F)
Batting: LHB Nick Gamble 0-0: Ground out 1-3 (Groundball, P)
Batting: RHB Shawn Gutiérrez 0-0: Ball
1-0: Swinging Strike
1-1: SINGLE (Groundball, 56D)
Batting: RHB Ramón Molina 0-0: Ball
1-0: Ball
2-0: Ball
3-0: Called Strike
3-1: Foul Ball, location: 2F
3-2: Base on Balls
Shawn Gutiérrez to second
Pinch Hitting: RHB Judson Backstrom 0-0: Swinging Strike
0-1: Ball
1-1: Fly out, F9 (Flyball, 9LM)
Top of the 7th over - 0 runs, 1 hit, 0 errors, 2 left on base; St Charles 6 - Greenville 7
BOTTOM OF THE 7TH
Greenville 84s batting - Pitching for St Charles Sheens : RHP Alejandro Longoria
Now at 1B: Judson Backstrom
Batting: RHB Ramiro Chávez 0-0: Foul Ball, location: 2F
0-1: Foul Ball, location: 2F
0-2: Ball
1-2: SINGLE (Flyball, 8RS)
Batting: LHB Brock Larsen 0-0: Ball
1-0: Ground out U3 (Groundball, 3)
Ramiro Chávez to second
Batting: LHB Jimmy Vickers 0-0: Ball
1-0: Called Strike
1-1: Swinging Strike
1-2: Foul Ball, location: 2F
1-2: Ball
2-2: Foul Ball, location: 2F
2-2: Ball
3-2: Base on Balls
Batting: LHB Robert Moore 0-0: Swinging Strike
0-1: Ball
1-1: Foul Ball, location: 2F
1-2: Ball
2-2: Fly out, F4 (Popup, 4D)
Batting: RHB Pat Fernández 0-0: SINGLE (Groundball, 6MD)
Ramiro Chávez to third
Jimmy Vickers to second
Runner from 3rd tries for Home, SAFE, no throw
Batting: RHB Robert Buckley 0-0: Ball
1-0: Ball
2-0: Fly out, F8 (Line Drive, 8LM)
Bottom of the 7th over - 1 run, 2 hits, 0 errors, 2 left on base; St Charles 6 - Greenville 8
TOP OF THE 8TH
St Charles Sheens batting - Pitching for Greenville 84s : RHP Ricardo Trujillo
Batting: RHB Héctor Vázquez 0-0: Ball
1-0: Fly out, F3 (Popup, 34)
Batting: RHB Lúcio Alfaro 0-0: Fly out, F9 (Flyball, 9LDF)
Batting: RHB Glen MacDonald 0-0: Ball
1-0: Ball
2-0: Ball
3-0: Base on Balls
Batting: RHB Jesús Hernández 0-0: Called Strike
0-1: Ball
1-1: SINGLE (Groundball, 4MD)
Glen MacDonald to second
Runner from 2nd tries for 3rd, SAFE, no throw
Pinch Hitting: RHB Miguel Palácios 0-0: Foul Ball, location: 2F
0-1: Ball
1-1: Ball
2-1: Foul Ball, location: 2F
2-2: SINGLE (Flyball, 89S)
Glen MacDonald scores
Jesús Hernández to second
Runner from 2nd tries for 3rd, SAFE, throw made to third
Batting: LHB Nick Gamble 0-0: Called Strike
0-1: Fielders Choice at 2nd, 5-4 (Groundball, 56)
Top of the 8th over - 1 run, 2 hits, 0 errors, 2 left on base; St Charles 7 - Greenville 8
BOTTOM OF THE 8TH
Greenville 84s batting - Pitching for St Charles Sheens : RHP Alejandro Longoria
Now at SS: Miguel Palácios
Batting: RHB Jeff Packard 0-0: Fly out, F9 (Line Drive, 9)
Batting: LHB Stanley Smith 0-0: SINGLE (Popup, 34D)
Pitching: RHP Jesse Jones
Batting: RHB Patrick Potts 0-0: Ball
1-0: SINGLE (Flyball, 9S)
Stanley Smith to second
Runner from 2nd tries for 3rd, SAFE, no throw
Batting: RHB Ramiro Chávez 0-0: Ball
1-0: Ball
2-0: Ground out U3 (Groundball, 3S)
Patrick Potts to second
Batting: LHB Brock Larsen 0-0: Ball
1-0: Swinging Strike
1-1: Ball
2-1: Swinging Strike
2-2: Foul Ball, location: 2F
2-2: Fly out, F8 (Flyball, 8RS)
Bottom of the 8th over - 0 runs, 2 hits, 0 errors, 2 left on base; St Charles 7 - Greenville 8
TOP OF THE 9TH
St Charles Sheens batting - Pitching for Greenville 84s : RHP Ricardo Trujillo
Pitching: RHP Alejandro Hernández
Batting: RHB Shawn Gutiérrez 0-0: Swinging Strike
0-1: Swinging Strike
0-2: Ball
1-2: Ground out 6-3 (Groundball, 56D)
Batting: RHB Ramón Molina 0-0: Called Strike
0-1: SOLO HOME RUN (Flyball, 78XD), Distance : 402 ft
Batting: RHB Judson Backstrom 0-0: DOUBLE (Line Drive, 8RD)
Pinch Hitting: LHB Larry Howard 0-0: Intentional Walk
Pinch Runner at 2nd Salvador Medine:
Pinch Hitting: RHB José Ortega 0-0: Called Strike
0-1: Ball
1-1: Ball
2-1: Swinging Strike
2-2: Ball
3-2: Strikes out swinging
Batting: RHB Glen MacDonald 0-0: Ball
1-0: Foul Ball, location: 2F
1-1: Ball
2-1: Fly out, F5 (Popup, 56)
Top of the 9th over - 1 run, 2 hits, 0 errors, 2 left on base; St Charles 8 - Greenville 8
BOTTOM OF THE 9TH
Greenville 84s batting - Pitching for St Charles Sheens : RHP Jesse Jones
Pitching: RHP Bob Martin
Now at 1B: Larry Howard
Now at 2B: Salvador Medine
Now at 3B: Sergio Pujols
Batting: LHB Jimmy Vickers 0-0: Ball
1-0: Called Strike
1-1: Ball
2-1: SINGLE (Groundball, 5D)
Batting: LHB Robert Moore 0-0: Foul Ball, location: 2F
0-1: Ball
1-1: Ball
2-1: Foul Ball, location: 2F
2-2: SINGLE (Flyball, 8LS)
Jimmy Vickers to second
Batting: RHB Pat Fernández 0-0: Ball
1-0: Ball
2-0: Called Strike
2-1: Grounds into double play, 4-6-3 (Groundball, 4M)
Jimmy Vickers to third
Batting: RHB Robert Buckley 0-0: Called Strike
0-1: Ball
1-1: SINGLE (Flyball, 8RS)
Jimmy Vickers scores
Saturday, April 7th, 2018 - OOTP Baseball 18.8 Build 76